 Dungeon Crawl Stone Soup version 0.30-a0-279-g4b46babb21 (webtiles) character file.

Game seed: 13169771927280000798

156 purpskrrrp the Shooter (level 5, 0/38 HPs)
             Began as a Formicid Hunter on Oct 16, 2022.
             Slain by Pikel
             ... wielding a +1 whip of flaming
              (1 damage)
             ... on level 4 of the Dungeon.
             The game lasted 00:05:57 (2482 turns).

purpskrrrp the Shooter (Formicid Hunter)            Turns: 2482, Time: 00:05:58

Health: 0/38       AC:  4    Str: 15    XL:     5   Next: 65%
Magic:  5/5        EV: 11    Int:  9    God:
Gold:   161        SH:  9    Dex: 19    Spells: 4/4 levels left

rFire   + . .      SeeInvis +    a - +0 shortbow
rCold   + + .      Faith    .    l - +0 kite shield
rNeg    . . .      Spirit   .    p - +2 robe {rC+ rF+}
rPois   .          Reflect  .    (helmet unavailable)
rElec   .          Harm     .    (no cloak)
rCorr   .          Rampage  .    (no gloves)
Will    .....                    (no boots)
Stlth   ++........               (no amulet)
HPRegen 0.26/turn                m - ring of protection from cold
MPRegen 0.09/turn                r - ring of flight

@: flying
A: permanent stasis, dig shafts and tunnels, antennae 3, four strong arms
a: Dig, Shaft Self


You were on level 4 of the Dungeon.
You visited 1 branch of the dungeon, and saw 4 of its levels.

You collected 161 gold pieces.

Inventory:

Hand Weapons
 a - a +0 shortbow (weapon)
Armour
 c - a +0 leather armour
 l - a +0 kite shield (worn)
 o - a +0 ring mail
 p - a +2 robe of resistance (worn)
Jewellery
 m - a ring of protection from cold (left hand)
 r - a ring of flight (right hand)
Scrolls
 b - a scroll of immolation
 e - 2 scrolls of teleportation
 k - a scroll of noise
 q - 2 scrolls of identify
Potions
 d - 3 potions of cancellation
 f - 2 potions of brilliance
 g - a potion of heal wounds {unknown}
 i - a potion of attraction
 n - a potion of degeneration


   Skills:
 - Level 2.2 Fighting
 * Level 5.8 Ranged Weapons
 + Level 1.0 Armour
 - Level 1.8 Dodging
 - Level 1.4 Stealth
 + Level 2.6 Shields


You had 4 spell levels left.
You didn't know any spells.
Your spell library contained the following spells:

 Spells                   Type           Power      Damage    Failure   Level
 Sting                    Tmut/Pois      0%         1d3       69%         1
 Poisonous Vapours        Pois/Air       0%         N/A       83%         2
 Olgreb's Toxic Radiance  Pois           0%         N/A       100%        4


Dungeon Overview and Level Annotations

Branches:
Dungeon (4/15)
 Temple: D:4-7

Altars:

Annotations:
D:3 3 runed translucent doors, Darkkill's ghost, amateur HuHu
D:4 1 runed translucent door, Crazy Yiuf; Pikel


Innate Abilities, Weirdness & Mutations

You cannot be hasted, slowed, berserked, paralysed or teleported.
You can dig through walls and to a lower floor.
You have a pair of large antennae on your head. (SInv)
Your four strong arms can wield two-handed weapons with a shield.


Message History

Pikel says, "You'll make a fine lemure."
Pikel hits you with a +1 whip of flaming.
You shoot an arrow.
The arrow hits Pikel but does no damage.
Pikel is lightly wounded.
Pikel hits you with a +1 whip of flaming!
Pikel burns you. You block the lemure's attack. The lemure barely misses you.
Pikel completely misses you.
You are too injured to fight recklessly!
You are too injured to fight recklessly!
You are too injured to fight recklessly!
You are too injured to fight recklessly!
You are too injured to fight recklessly!
You are too injured to fight recklessly!
You are too injured to fight recklessly!
You are too injured to fight recklessly!
You are too injured to fight recklessly!
You are too injured to fight recklessly!
You are too injured to fight recklessly!
You are too injured to fight recklessly!
You are too injured to fight recklessly!
You are too injured to fight recklessly!
You are too injured to fight recklessly!
You are too injured to fight recklessly!
Okay, then.
Okay, then.
The lemure attacks as you move away! The lemure closely misses you.
Pikel attacks as you move away! You block Pikel's attack.
Pikel attacks as you move away!
Pikel hits you with a +1 whip of flaming.
Pikel burns you.
* * * LOW HITPOINT WARNING * * *
Pikel attacks as you move away!
Pikel hits you with a +1 whip of flaming!
* * * LOW HITPOINT WARNING * * *
You feel better.
Pikel hits you with a +1 whip of flaming!
* * * LOW HITPOINT WARNING * * *
Pikel burns you.
You die...

.... { ## .... #### #)
...#################..#######
#)
..##.......##..............#
)
##)##.......#...............#
#
.5g##.......#..........<....#
♣
b5b#b.......#...............#
♣
.bb'b.......#....##...##....#
bKb##.......##..@##...##...##
.5b##.......##.K.##...#######
♣
##+##.......##55.##...#.....#
♣♣ #.....5..5........+.>...#
♣. +..(..............#.....#
## #.......##........#.....#
#.
#.......##...###..##...#####.
#.......##...###..##...##....
#.......#.................###


You could see Pikel and 3 lemures.

Vanquished Creatures
  A lemure (D:4)
  7 adders
  4 dart slugs
  5 orcs
  5 bats
  9 endoplasms
  7 giant cockroaches
  A goblin (D:2)
  8 hobgoblins
  2 jackals (D:3)
  9 kobolds
  6 ball pythons
  8 frilled lizards
  8 rats
80 creatures vanquished.

Notes
Turn   | Place    | Note
-------+----------+-------------------------------------------
     0 | D:1      | purpskrrrp the Formicid Hunter began the quest for the Orb.
     0 | D:1      | Reached XP level 1. HP: 16/16 MP: 1/1
    95 | D:1      | Reached XP level 2. HP: 22/22 MP: 2/2
   253 | D:1      | Reached XP level 3. HP: 27/27 MP: 3/3
   621 | D:2      | Reached skill level 5 in Ranged Weapons
   629 | D:2      | Reached skill level 1 in Shields
   629 | D:2      | Reached XP level 4. HP: 26/33 MP: 4/4
  1175 | D:2      | Reached XP level 5. HP: 38/38 MP: 5/5
  1628 | D:3      | Found a runed translucent gate.
  1628 | D:3      | Found a runed translucent gate.
  1628 | D:3      | Found a runed translucent gate.
  1628 | D:3      | Noticed Darkkill's ghost (amateur HuHu)
  2197 | D:4      | Found a runed translucent door.
  2198 | D:4      | Noticed Crazy Yiuf
  2251 | D:4      | Noticed a lemure
  2263 | D:4      | Killed a lemure
  2267 | D:4      | Reached skill level 1 in Armour
  2335 | D:4      | Noticed a lemure
  2336 | D:4      | Noticed Pikel
  2342 | D:4      | Noticed a lemure
  2342 | D:4      | Noticed a lemure
  2482 | D:4      | HP: 1/38 [Pikel/+1 whip of flaming (9)]
  2482 | D:4      | Slain by Pikel

Illustrated notes

Levels and vault maps discovered:
D:1:      tarquinn_simple_flora_water_e, layout_basic
D:2:      layout_basic, fountainhead
D:3:      layout_basic, gammafunk_ghost_necromancy, minmay_misc_feat_room
D:4:      layout_gridville, uniq_pikel, uniq_crazy_yiuf_cottage

Skill      XL: |  1  2  3  4  5 |
---------------+----------------+-----
Ranged Weapons | 5 |  5.8
Shields        | 1 2 |  2.6
Armour         | 1 |  1.0
Fighting       | |  2.2
Dodging        | |  1.8
Stealth        | |  1.4

Action                   |  1- 3 |  4- 6 || total
-------------------------+-------+-------++-------
 Fire: Shortbow          |    68 |   141 ||   209
  Use: Scroll            |       |    10 ||    10
       Potion            |       |     2 ||     2
Armor: Leather armour    |     5 |     2 ||     7
       Robe              |       |     8 ||     8
       Ring mail         |       |     5 ||     5
Dodge: Dodged            |    13 |    23 ||    36
Block: Kite shield       |     1 |    23 ||    24

Table legend: (Time is in decaauts)
 A = Elapsed time spent in this place.
 B = Non-inter-level travel time spent in this place.
 C = Inter-level travel time spent in this place.
 D = Time resting spent in this place.
 E = Time spent auto-exploring this place.
 F = Levels seen in this place.
 G = Mean time per level.
                   A        B        C        D        E       F      G
               +--------+--------+--------+--------+--------+-----+--------+
         Total |   2559 |   2449 |    110 |    254 |   1652 |   4 |  639.8 |
       Dungeon |   2559 |   2449 |    110 |    254 |   1652 |   4 |  639.8 |
               +--------+--------+--------+--------+--------+-----+--------+

Top non-repeatable levels by time:
     D:3: 882 daAuts
     D:2: 790 daAuts
     D:1: 636 daAuts
     D:4: 249 daAuts
